 Dungeon Crawl Stone Soup version 0.30-a0-737-gf23d94013f (webtiles) character file.

Game seed: 11901525040095275459

5166 jimonade the Slicer (level 10, -1/51 HPs)
             Began as a Vine Stalker Gladiator on Feb 1, 2023.
             Was a High Priest of Uskayaw.
             Killed from afar by an electric eel (7 damage)
             ... with a bolt of electricity
             ... on level 8 of the Dungeon.
             The game lasted 00:17:37 (6320 turns).

jimonade the Slicer (Vine Stalker Gladiator)        Turns: 6320, Time: 00:17:37

Health: -1/51      AC:  9    Str: 17    XL:     10   Next: 59%
Magic:  0/12       EV: 15    Int:  8    God:    Uskayaw [*****.]
Gold:   1084       SH:  0    Dex: 26    Spells: 9/9 levels left

rFire   . . .      SeeInvis .    a - +0 dagger (venom)
rCold   . . .      Faith    .    (no shield)
rNeg    . . .      Spirit   +    i - +0 ring mail
rPois   .          Reflect  .    v - +0 helmet
rElec   .          Harm     .    n - +0 cloak
rCorr   .          Rampage  .    (no gloves)
Will    ++...                    (no boots)
Stlth   +                        (no amulet)
HPRegen 1.08/turn                H - +6 ring of dexterity
MPRegen 0.13/turn                j - ring of willpower

@: very slow
A: fangs 3, regeneration 1, magic shield, antimagic bite, no potion heal 2
a: Renounce Religion, Stomp, Line Pass, Grand Finale


You were on level 8 of the Dungeon.
You worshipped Uskayaw.
Uskayaw was noncommittal.
You visited 1 branch of the dungeon, and saw 8 of its levels.
You also visited: Sewer.

You collected 1084 gold pieces.

Inventory:

Hand Weapons
 a - a +0 dagger of venom (weapon)
 b - a +0 spectral rapier
 c - a +0 sling
Missiles
 d - 3 throwing nets
 e - a javelin
 l - 12 poisoned darts
 m - 6 curare-tipped darts (quivered)
 s - 71 stones
 I - 6 boomerangs
Armour
 i - a +0 ring mail (worn)
 n - a +0 cloak (worn)
 r - a +0 leather armour
 t - a +0 robe of fire resistance
 v - a +0 helmet (worn)
 E - a +2 robe
Magical Staves
 g - a staff of air
Jewellery
 j - a ring of willpower (right hand)
 H - a +6 ring of dexterity (left hand)
 J - a ring of resist corrosion
 L - a ring of willpower
Wands
 B - a wand of flame (4)
 D - a wand of roots (6)
 M - a wand of polymorph (13)
Scrolls
 k - 3 scrolls of vulnerability
 o - 4 scrolls of teleportation
 y - a scroll of butterflies
 z - 11 scrolls of identify
 A - 5 scrolls of blinking
 G - a scroll of immolation
 K - 2 scrolls of magic mapping
 N - a scroll of enchant armour {unknown}
Potions
 f - 2 potions of brilliance
 h - 4 potions of flight
 p - a potion of lignification {unknown}
 q - 2 potions of ambrosia
 u - 3 potions of mutation {unknown}
 w - 7 potions of curing
 x - a potion of might
 C - 2 potions of degeneration {unknown}
 F - a potion of attraction {unknown}


   Skills:
 + Level 4.4 Fighting
 * Level 10.2 Short Blades
 - Level 1.7 Throwing
 + Level 6.7 Armour
 + Level 5.0 Dodging
 * Level 2.4 Invocations


You had 9 spell levels left.
You didn't know any spells.
Your spell library contained the following spells:

 Spells                   Type           Power      Damage    Failure   Level
 Apportation              Tloc           0%         N/A       58%         1
 Necrotise                Necr           0%         1d4       58%         1
 Slow                     Hex            0%         N/A       58%         1
 Summon Small Mammal      Summ           0%         N/A       58%         1
 Call Canine Familiar     Summ           0%         N/A       91%         3
 Confusing Touch          Hex            0%         N/A       91%         3
 Ignite Poison            Fire/Tmut/Pois 0%         N/A       91%         3
 Kindle Blastsparks       Fire/Tloc/Air  0%         2d10      91%         3
 Summon Guardian Golem    Hex/Summ       0%         N/A       91%         3
 Vampiric Draining        Necr           0%         2d6       91%         3
 Sticky Flame             Conj/Fire      0%         2d3       100%        4
 Freezing Cloud           Conj/Ice/Air   0%         6-21      100%        5
 Ignition                 Fire           0%         3d3       100%        8


Dungeon Overview and Level Annotations

Branches:
Dungeon (8/15)             Temple (0/1) D:7           Sewer (visited)
   Lair: D:8-11

Altars:
Cheibriados
Elyvilon
Hepliaklqana
Kikubaaqudgha
Okawaru
Qazlal
Sif Muna
Uskayaw
Vehumet
Zin

Shops:
D:2 =:   D:6 (


Innate Abilities, Weirdness & Mutations

You have razor-sharp teeth.
Your natural rate of healing is unusually fast.
When hurt, damage is shared between your health and your magic reserves.
Your bite disrupts and absorbs the magic of your enemies.
Potions cannot restore your health.


Message History

Your Dodging skill increases to level 5!
As you read the scroll of teleportation, it crumbles to dust.
You feel strangely unstable.
Your attacks no longer feel as feeble.
The gnoll barely misses you.
An orc comes into view. It is wielding a +0 falchion.
The gnoll closely misses you.
Items here: ))) †.
The gnoll is no longer moving quickly. x2
A vampire mosquito comes into view.
Your +0 dagger of venom begins to drip with poison!
a - a +0 dagger of venom (weapon)
Your surroundings suddenly seem different.
Splash!
You fall into the shallow water.
Moving in this stuff is going to be slow. 2 electric eels come into view.
The electric eel shoots out a bolt of lightning at you!
The bolt of electricity misses you.
The bolt of electricity hits the plant!
The plant begins to die.
The electric eel shoots out a bolt of lightning at you!
The bolt of electricity misses you.
You hit the plant. You bite the plant. You drain its power.
The plant is lightly damaged.
The electric eel shoots out a bolt of lightning at you!
The bolt of electricity hits you!
* * * LOW HITPOINT WARNING * * *
The bolt of electricity hits the plant!
The electric eel shoots out a bolt of lightning at you!
The bolt of electricity hits you!
* * * LOW HITPOINT WARNING * * *
The electric eel shoots out a bolt of lightning at you!
The bolt of electricity misses you.
An electric eel comes into view.
A nearby plant withers and dies.
The electric eel shoots out a bolt of lightning at you!
The bolt of electricity hits the plant!
The plant begins to die.
The bolt of electricity hits the electric eel.
The electric eel completely resists.
The bolt of electricity hits you!
You die...

### # ♣@♣♣♣~#
♣S~~~♣
♣~P~~~~~PP♣
~~P~P~≈P≈~~P♣
~~≈~≈≈≈≈≈≈≈~P~~
~≈≈≈≈≈≈≈≈≈≈~PP~~
≈≈≈≈≈≈≈≈≈≈≈≈≈~♣P
~≈≈≈≈≈≈SS≈≈≈≈~~P
≈≈≈≈≈≈≈≈≈≈≈≈≈PP~


You could see 3 electric eels.

Vanquished Creatures
  A two-headed ogre (D:8)
  Pikel (D:5)
  Maurice (D:8)
  Prince Ribbit (D:6)
  6 yaks
  A vampire mosquito (D:8)
  2 water moccasins
  An ice beast (D:7)
  2 sky beasts
  4 ogres
  2 centaurs
  Blork the orc (D:4)
  3 bullfrogs
  2 necrophages
  4 scorpions
  An electric eel (D:6)
  A lava snake (D:7)
  3 hounds
  5 jellies
  An orc priest (D:7)
  2 gnoll boudas
  6 iguanas
  3 orc wizards
  13 gnolls
  16 adders
  2 river rats (D:5)
  A white imp (D:7)
  2 ufetubi
  6 worms
  18 orcs
  8 endoplasms
  14 giant cockroaches
  6 hobgoblins
  A jackal (D:4)
  8 kobolds
  2 quokkas
  6 ball pythons
  3 bats
  10 frilled lizards
  4 goblins
  6 rats
180 creatures vanquished.

Vanquished Creatures (others)
  7 plants
7 creatures vanquished.

Grand Total: 187 creatures vanquished

Notes
Turn   | Place    | Note
-------+----------+-------------------------------------------
     0 | D:1      | jimonade the Vine Stalker Gladiator began the quest for the
                  | Orb.
     0 | D:1      | Reached XP level 1. HP: 11/11 MP: 2/2
   206 | D:1      | Reached skill level 3 in Short Blades
   320 | D:1      | Reached XP level 2. HP: 15/15 MP: 3/3
   619 | D:2      | Found Orron's Vocational Training.
   678 | D:2      | Reached XP level 3. HP: 18/18 MP: 4/4
   973 | D:2      | Found Kes Veh's One-of-a-Kind Rings.
  1259 | D:2      | Gained mutation: Your natural rate of healing is unusually
                  | fast. [Vine Stalker growth]
  1259 | D:2      | Reached XP level 4. HP: 15/23 MP: 5/5
  1322 | D:3      | Reached skill level 4 in Short Blades
  1372 | D:3      | Reached skill level 1 in Armour
  1470 | D:3      | Found a stormy altar of Qazlal.
  1476 | D:3      | Reached XP level 5. HP: 25/26 MP: 6/6
  2107 | D:4      | Reached skill level 5 in Short Blades
  2261 | D:4      | Found an iron altar of Okawaru.
  2420 | D:4      | Reached XP level 6. HP: 30/30 MP: 7/7
  2542 | D:4      | Noticed Blork the orc
  2557 | D:4      | Killed Blork the orc
  2558 | D:4      | Reached skill level 6 in Short Blades
  2558 | D:4      | Reached XP level 7. HP: 9/35 MP: 3/8
  2639 | D:5      | Entered Level 5 of the Dungeon
  2768 | D:5      | Found a glowing drain.
  2790 | Sewer    | Entered a sewer
  3011 | Sewer    | Gained mutation: You have razor-sharp teeth. [Vine Stalker
                  | growth]
  3011 | Sewer    | Reached XP level 8. HP: 30/39 MP: 9/9
  3198 | D:5      | Reached skill level 7 in Short Blades
  3309 | D:5      | Noticed Pikel
  3332 | D:5      | Killed Pikel
  3419 | D:5      | Found a hazy altar of Hepliaklqana.
  3420 | D:5      | Found a white marble altar of Elyvilon.
  3507 | D:5      | Noticed a yak
  3508 | D:5      | Found a hide-covered altar of Uskayaw.
  3508 | D:5      | Noticed a yak
  3530 | D:5      | Noticed a yak
  3536 | D:5      | Killed a yak
  3537 | D:5      | Reached skill level 5 in Armour
  3537 | D:5      | Reached XP level 9. HP: 37/44 MP: 10/10
  3553 | D:5      | Reached skill level 8 in Short Blades
  3580 | D:5      | Found a glowing silver altar of Zin.
  3582 | D:5      | Found a snail-covered altar of Cheibriados.
  3588 | D:5      | Became a worshipper of Uskayaw the Reveller
  3749 | D:5      | Reached * piety under Uskayaw
  3752 | D:5      | Reached ** piety under Uskayaw
  4009 | D:5      | Identified a scroll of acquirement
  4009 | D:5      | Acquired 537 gold pieces
  4202 | D:6      | Noticed Prince Ribbit
  4216 | D:6      | Reached *** piety under Uskayaw
  4217 | D:6      | Killed Prince Ribbit
  4220 | D:6      | Reached **** piety under Uskayaw
  4223 | D:6      | Found Ifihy's Weapon Shop.
  4318 | D:6      | Reached skill level 9 in Short Blades
  4610 | D:6      | Reached XP level 10. HP: 25/49 MP: 7/11
  4897 | D:7      | Found a radiant altar of Vehumet.
  4985 | D:7      | Found an ancient bone altar of Kikubaaqudgha.
  4986 | D:7      | Found a shimmering blue altar of Sif Muna.
  5126 | D:7      | Reached skill level 1 in Invocations
  5435 | D:7      | Found a staircase to the Ecumenical Temple.
  6059 | D:8      | Noticed Maurice
  6106 | D:8      | Killed Maurice
  6285 | D:8      | Noticed a two-headed ogre
  6300 | D:8      | Killed a two-headed ogre
  6301 | D:8      | Reached skill level 10 in Short Blades
  6306 | D:8      | Reached ***** piety under Uskayaw
  6312 | D:8      | Reached skill level 5 in Dodging
  6320 | D:8      | Killed from afar by an electric eel

Illustrated notes

Levels and vault maps discovered:
D:1:      scummos_arrival_star, layout_basic
D:2:      layout_rooms, nicolae_shop_unique_rings, nicolae_shop_vocational
D:3:      layout_loops_cross, general_overflow_altar, serial_bayou_lagoon_a,
          chequers_serial_rivers_small_3
D:4:      cheibrodos_barr_body, layout_rooms, mainiacjoe_overflow_chevrons,
          chequers_serial_rivers_micro_d, minmay_misc_feat_diagonals,
          uniq_blork_the_orc
D:5:      layout_loops_ring, grunt_temple_overflow_open,
          lightli_sewer_entry_pipes, uniq_pikel
D:6:      layout_rooms, serial_shops, nicolae_shop_bloodbath_and_beyond,
          kennysheep_generic_room_16, uniq_prince_ribbit1
D:7:      layout_basic, grunt_temple_overflow_magic_moments,
          minmay_temple_entry_from_below_a, kennysheep_generic_room_4
D:8:      layout_loops_ring, gammafunk_temple_overflow_claw, serial_shops,
          nicolae_shop_stone, nicolae_water_bricks, serial_bayou_lake_a,
          uniq_maurice

Skill      XL: |  1  2  3  4  5  6  7  8  9 10 |
---------------+-------------------------------+-----
Short Blades   | 3 4 5 6 7 9 10 | 10.2
Fighting       | 2 3 4 |  4.4
Armour         | 1 2 3 5 6 |  6.7
Dodging        | 3 4 5 |  5.0
Invocations    | 2 |  2.4
Throwing       | |  1.7

Action                     |  1- 3 |  4- 6 |  7- 9 | 10-12 || total
---------------------------+-------+-------+-------+-------++-------
  Melee: Rapier            |    74 |    29 |       |    15 ||   118
         Bite              |    14 |    55 |   143 |    50 ||   262
         Punch             |     3 |     1 |     6 |     1 ||    11
         Dagger            |       |   155 |   415 |   117 ||   687
  Throw: Dart              |       |       |    15 |     8 ||    23
         Throwing net      |       |       |       |     3 ||     3
    Use: Scroll            |     5 |       |     6 |     4 ||    15
         Potion            |     3 |       |       |       ||     3
   Stab: Paralysed         |       |       |     4 |     2 ||     6
         Distracted        |       |       |       |     1 ||     1
 Armour: Ring mail         |    25 |    43 |    73 |    24 ||   165
  Dodge: Dodged            |    32 |    82 |   175 |    56 ||   345

Table legend: (Time is in decaauts)
 A = Elapsed time spent in this place.
 B = Non-inter-level travel time spent in this place.
 C = Inter-level travel time spent in this place.
 D = Time resting spent in this place.
 E = Time spent auto-exploring this place.
 F = Levels seen in this place.
 G = Mean time per level.
                   A        B        C        D        E       F      G
               +--------+--------+--------+--------+--------+-----+--------+
         Total |   6163 |   6004 |    159 |    157 |   4333 |   9 |  684.8 |
       Dungeon |   5854 |   5695 |    159 |    157 |   4185 |   8 |  731.8 |
         Sewer |    308 |    308 |      0 |      0 |    147 |   1 |  308.0 |
               +--------+--------+--------+--------+--------+-----+--------+

Top non-repeatable levels by time:
     D:7: 1163 daAuts
     D:5: 1075 daAuts
     D:3: 769 daAuts
     D:6: 703 daAuts
     D:4: 648 daAuts
     D:1: 620 daAuts
     D:2: 599 daAuts
   Sewer: 308 daAuts
     D:8: 275 daAuts
